 Dungeon Crawl Stone Soup version 0.32-a0-893-gf85d74f360 (webtiles) character file.

Game seed: 8889979000824897865

125 Biggs the Slasher (level 5, -3/38 HPs)
             Began as a Coglin Gladiator on Apr 3, 2024.
             Incinerated by a bombardier beetle (5 damage)
             ... with a burning spray
             ... on level 4 of the Dungeon.
             The game lasted 00:03:35 (2148 turns).

Biggs the Slasher (Coglin Gladiator)                Turns: 2148, Time: 00:03:36

Health: -3/38      AC:  4    Str: 15    XL:     5   Next: 9%
Magic:  5/5        EV: 11    Int:  7    God:
Gold:   94         SH:  0    Dex: 17    Spells: 4/4 levels left

rFire   . . .        a - +0 long sword {Tamara}
rCold   . . .        f - +0 dagger {Busisiwe}
rNeg    . . .        b - +0 leather armour
rPois   .            c - +0 helmet
rElec   .            (no cloak)
rCorr   .            (no gloves)
SInv    .            (no boots)
Will    .....        (amulet unavailable)
Stlth   +            (ring unavailable)
HPRegen 0.26/turn    (ring unavailable)
MPRegen 0.09/turn    (no gizmo)

%: no passive effects
@: on fire, attractive, glowing, revved
A: off-hand wielding, slow wielding, warmup strikes, no jewellery
a: Invent Gizmo


You were on level 4 of the Dungeon.
You visited 1 branch of the dungeon, and saw 4 of its levels.

You collected 94 gold pieces.

Inventory:

Hand Weapons
 a - a +0 long sword (weapon) {Tamara}
 f - a +0 dagger (offhand) {Busisiwe}
Missiles
 d - 3 throwing nets (quivered)
 e - a javelin
Armour
 b - a +0 leather armour (worn)
 c - a +0 helmet (worn)
Scrolls
 i - a scroll of silence {unknown}
 j - a scroll of butterflies {unknown}
 k - 3 scrolls of immolation {unknown}
 n - a scroll of poison {unknown}
 o - 2 scrolls of identify {unknown}
 p - a scroll of teleportation {unknown}
 s - 2 scrolls of revelation {unknown}
Potions
 g - a potion of resistance {unknown}
 h - 2 potions of mutation {unknown}
 l - 2 potions of cancellation {unknown}
 m - 3 potions of attraction
 q - a potion of invisibility {unknown}
 r - a potion of lignification {unknown}
 t - 2 potions of magic {unknown}


   Skills:
 - Level 2.0 Fighting
 + Level 5.6 Long Blades
 - Level 1.7 Throwing
 - Level 2.6 Dodging


You had 4 spell levels left.
You didn't know any spells.
Your spell library contained the following spells:

 Spells                   Type           Power      Damage    Failure   Level
 Lesser Beckoning         Tloc           0%         N/A       65%         2
 Maxwell's Portable Pile  Tloc           0%         2d(5-13)  86%         3
 Teleport Other           Tloc           0%         N/A       86%         3


Dungeon Overview and Level Annotations

Branches:
Dungeon (4/15)
 Temple: D:4-7

Altars:
Fedhas
Yredelemnul


Innate Abilities, Weirdness & Mutations

You can wield a second weapon in your off-hand.
It takes a long time for you to wield or remove held weapons.
Your first few attacks do less damage.
You cannot equip rings or amulets.


Message History

The bombardier beetle is lightly wounded.
You hit the bombardier beetle but do no damage.
The liquid fire burns you!
The bombardier beetle bites you but does no damage.
You closely miss the bombardier beetle with your +0 long sword.
The bombardier beetle is lightly wounded.
You hit the bombardier beetle but do no damage.
The liquid fire burns you! The bombardier beetle bites you.
Unknown command.
Unknown command.
You are too injured to fight recklessly!
Unknown command.
You are too injured to fight recklessly!
Unknown command.
You hit the bombardier beetle with your +0 long sword.
The bombardier beetle is moderately wounded.
You hit the bombardier beetle but do no damage.
The liquid fire burns you!
You hit the bombardier beetle with your +0 long sword.
The bombardier beetle is heavily wounded.
You hit the bombardier beetle but do no damage.
The liquid fire burns you!
* * * LOW HITPOINT WARNING * * *
The bombardier beetle bites you but does no damage.
You barely miss the bombardier beetle with your +0 long sword.
The bombardier beetle is heavily wounded.
You hit the bombardier beetle with your +0 dagger.
The liquid fire burns you!
* * * LOW HITPOINT WARNING * * *
You slash the bombardier beetle with your +0 long sword!
You kill the bombardier beetle!
The liquid fire burns you!
* * * LOW HITPOINT WARNING * * *
You have reached level 5!
Unknown command.
It was a potion of attraction.
You feel attractive to monsters. The liquid fire burns you!
You die...

.........
#.......#
......... #
#.......#
#......>...
#.#.......#
#..†.......
#@#.# #)!.#
##..####
##......## .#
#.......[#
...##
##...?..###
.....##...#####
.........##
.........#


There were no monsters in sight!

Vanquished Creatures
  A bombardier beetle (D:4)
  3 adders
  A ribbon worm (D:2)
  3 dart slugs
  An orc (D:4)
  4 ball pythons
  2 endoplasms
  2 giant cockroaches
  7 goblins
  3 hobgoblins
  5 jackals (D:3)
  4 quokkas
  4 bats
  4 frilled lizards
  2 kobolds
  6 rats
52 creatures vanquished.

Notes
Turn   | Place    | Note
-------+----------+-------------------------------------------
     0 | D:1      | Biggs the Coglin Gladiator began the quest for the Orb.
     0 | D:1      | Reached XP level 1. HP: 16/16 MP: 1/1
    53 | D:1      | Found a faded altar of an unknown god.
    70 | D:1      | Reached XP level 2. HP: 22/22 MP: 2/2
   445 | D:1      | Reached skill level 4 in Long Blades
   578 | D:2      | Reached XP level 3. HP: 21/27 MP: 3/3
   715 | D:2      | Found a basalt altar of Yredelemnul.
  1460 | D:3      | Reached XP level 4. HP: 33/33 MP: 4/4
  1469 | D:3      | Found a faded altar of an unknown god.
  1474 | D:3      | Found a blossoming altar of Fedhas.
  1496 | D:3      | Reached skill level 5 in Long Blades
  1513 | D:3      | Noticed an ogre
  2147 | D:4      | HP: 1/33 [burnt (3)]
  2148 | D:4      | Reached XP level 5. HP: 2/38 MP: 5/5
  2148 | D:4      | Incinerated by a bombardier beetle

Illustrated notes

Levels and vault maps discovered:
D:1:      co_arrival_square_in_a_square_in_a_square, layout_rooms,
          ebering_ecumenical_altar_mist, minmay_door_square,
          minmay_misc_feat_tower
D:2:      layout_basic, basic_altar
D:3:      layout_basic, nicolae_overflow_ecumenical_swirl, serial_forest,
          infiniplex_forest_lined_room_3, infiniplex_forest_clump_small,
          infiniplex_forest_straight_3, infiniplex_forest_straight_2
D:4:      layout_cave_pods, st_stairs_4, grunt_ministairs_8, fountainhead,
          chequers_serial_rivers_micro_b, corner_web_ring

Skill      XL: |  1  2  3  4 |
---------------+-------------+-----
Long Blades    | 4 5 |  5.6
Fighting       | |  2.0
Throwing       | |  1.7
Dodging        | |  2.6

Action                     |  1- 3 |  4- 6 || total
---------------------------+-------+-------++-------
  Melee: Long sword        |    73 |    37 ||   110
         Dagger            |    61 |    31 ||    92
    Use: Potion            |       |     1 ||     1
   Stab: Sleeping          |       |     1 ||     1
 Armour: Leather armour    |    37 |    14 ||    51
  Dodge: Dodged            |    56 |    21 ||    77

Table legend: (Time is in decaauts)
 A = Elapsed time spent in this place.
 B = Non-inter-level travel time spent in this place.
 C = Inter-level travel time spent in this place.
 D = Time resting spent in this place.
 E = Time spent auto-exploring this place.
 F = Levels seen in this place.
 G = Mean time per level.
                   A        B        C        D        E       F      G
               +--------+--------+--------+--------+--------+-----+--------+
         Total |   2151 |   2095 |     56 |      0 |   1659 |   4 |  537.8 |
       Dungeon |   2151 |   2095 |     56 |      0 |   1659 |   4 |  537.8 |
               +--------+--------+--------+--------+--------+-----+--------+

Top non-repeatable levels by time:
     D:2: 877 daAuts
     D:3: 594 daAuts
     D:1: 532 daAuts
     D:4: 146 daAuts
